 Dungeon Crawl Stone Soup version 0.23.2-40-g277498a001 (webtiles) character file.

Game seed: 286975392573248866

4624 FishyPogo the Martial Artist (level 10, -12/76 HPs)
             Began as a Gnoll Transmuter on Oct 19, 2019.
             Was a Priest of Okawaru.
             Killed from afar by a rime drake (shapeshifter) (25 damage)
             ... with a flash freeze
             ... on level 9 of the Dungeon.
             The game lasted 00:41:07 (8275 turns).

FishyPogo the Martial Artist (Gnoll Transmuter)     Turns: 8275, Time: 00:41:08

Health: -12/76     AC:  7    Str: 13    XL:     10   Next: 42%
Magic:  29/29      EV: 17    Int: 24    God:    Okawaru [***...]
Gold:   312        SH:  0    Dex: 17    Spells: 3/23 levels left

rFire    . . .     SeeInvis +   a - +8 dagger of Jyetocid {holy, Int+4}
rCold    . . .     Gourm    .   (no shield)
rNeg     . . .     Faith    .   P - +0 robe (curse)
rPois    .         Spirit   .   c - +1 hat {SInv}
rElec    .         Reflect  .   (no cloak)
rCorr    .         Harm     .   G - +0 pair of gloves
MR       .....                  r - +2 pair of boots
Stlth    +++.......             (no amulet)
HPRegen  0.22/turn              o - +3 ring of intelligence
MPRegen  0.21/turn              x - ring of magical power

@: lethally poisoned (-12 -> -28), about to teleport, appendage, hasted,
studying Axes, very quick
A: distributed training, fangs 1, horns 2, strong nose
a: End Transformation, Heroism, Renounce Religion


You were on level 9 of the Dungeon.
You worshipped Okawaru.
Okawaru was most pleased with you.
You were not hungry.
You had grown temporary horns.
You visited 2 branches of the dungeon, and saw 10 of its levels.

You collected 524 gold pieces.
You spent 212 gold pieces at shops.

Inventory:

Hand Weapons
 a - the +8 dagger of Jyetocid (weapon) {holy, Int+4}
   (You found it on level 5 of the Dungeon)

   It has been blessed by the Shining One to cause great damage to the undead
   and demons.
   It affects your intelligence (+4).
 b - the +2 war axe "Unoatod" {chop, +Inv rPois rC++ MR-}
   (You bought it in a shop on level 4 of the Dungeon)

   It inflicts extra damage upon your enemies.
   It greatly protects you from cold.
   It protects you from poison.
   It affects your resistance to hostile enchantments.
   It lets you turn invisible.
Missiles
 g - 351 stones (quivered)
 j - 219 arrows
 t - 4 tomahawks
Armour
 c - a +1 hat of see invisible (worn)
 n - a +0 robe
 r - a +2 pair of boots (worn)
 s - the +4 plate armour of the Doldrums {rF+++}
   (You found it on level 4 of the Dungeon)

   It renders you almost immune to fire.
 G - a +0 pair of gloves (worn)
 P - a cursed +0 robe (worn)
Jewellery
 o - a +3 ring of intelligence (left hand)
 x - a ring of magical power (right hand)
Wands
 m - a wand of flame (14)
 q - a wand of scattershot (9)
 u - a wand of iceblast (15)
 J - a wand of acid (7)
 O - a wand of digging (7)
Scrolls
 k - 8 scrolls of identify
 p - 4 scrolls of remove curse
 y - a scroll of fear
 z - 4 scrolls of enchant weapon {unknown}
 B - a scroll of enchant armour {unknown}
 C - 3 scrolls of immolation
 D - 4 scrolls of teleportation
 H - a scroll of amnesia {unknown}
 I - a scroll of magic mapping {unknown}
 M - a scroll of vulnerability {unknown}
Potions
 e - 2 potions of brilliance {unknown}
 f - a potion of magic
 h - a potion of degeneration {unknown}
 i - 3 potions of heal wounds
 l - a potion of agility {unknown}
 v - a potion of lignification {unknown}
 w - a potion of mutation {unknown}
 A - a potion of haste
 K - a potion of curing
 L - a potion of flight {unknown}
Books
 E - a manual of Axes
Miscellaneous
 F - a box of beasts
Comestibles
 d - 13 rations
 N - 6 chunks of flesh


   Skills:
 + Level 5.8 Fighting
 + Level 5.2 Short Blades
 + Level 5.2 Long Blades
 + Level 6.3 Axes
 + Level 5.2 Maces & Flails
 + Level 5.2 Polearms
 + Level 5.2 Staves
 + Level 5.2 Slings
 + Level 5.2 Bows
 + Level 5.2 Crossbows
 + Level 5.2 Throwing
 + Level 5.2 Armour
 + Level 7.0 Dodging
 + Level 5.2 Stealth
 + Level 5.2 Shields
 + Level 8.4 Unarmed Combat
 + Level 7.3 Spellcasting
 + Level 4.2 Conjurations
 + Level 4.2 Hexes
 + Level 4.2 Charms
 + Level 4.2 Summonings
 + Level 4.2 Necromancy
 + Level 4.2 Translocations
 + Level 5.8 Transmutations
 + Level 4.2 Fire Magic
 + Level 4.2 Ice Magic
 + Level 4.2 Air Magic
 + Level 4.2 Earth Magic
 + Level 4.2 Poison Magic
 + Level 5.7 Invocations
 + Level 5.2 Evocations


You had 3 spell levels left.
You knew the following spells:

 Your Spells              Type           Power        Failure   Level  Hunger
c - Mephitic Cloud        Conj/Pois/Air  ####....     3%          3    None
d - Beastly Appendage     Tmut           #####.       1%          1    None
e - Spider Form           Tmut/Pois      ####......   2%          3    None
f - Petrify               Tmut/Erth      ####....     9%          4    ###....
g - Sticks to Snakes      Tmut           #####...     1%          2    None
h - Gell's Gravitas       Tloc           ####......   3%          3    None
i - Ice Form              Ice/Tmut       ####....     9%          4    ###....

Your spell library contained the following spells:

 Spells                   Type           Power        Failure   Level  Hunger
 Confusing Touch          Hex            ####..       1%          1    None
 Magic Dart               Conj           ####         1%          1    None
 Blink                    Tloc           N/A          1%          2    None
 Call Imp                 Summ           ####....     1%          2    None
 Slow                     Hex            ####....     1%          2    None
 Confuse                  Hex            ####....     3%          3    None
 Conjure Flame            Conj/Fire      ####....     3%          3    None
 Blade Hands              Tmut           #####.....   19%         5    #####..
 Yara's Violent Unravell  Hex/Tmut       ####......   24%         5    #####..
 Bolt of Magma            Conj/Fire/Erth ####......   32%         5    #####..
 Iskenderun's Battlesphe  Conj/Chrm      ####....     32%         5    #####..
 Metabolic Englaciation   Hex/Ice        ####......   32%         5    #####..
 Venom Bolt               Conj/Pois      ####......   32%         5    #####..
 Iron Shot                Conj/Erth      ####......   88%         6    ######.
 Orb of Destruction       Conj           ####......   100%        7    #######
 Spellforged Servitor     Conj/Summ      ####......   100%        7    #######


Dungeon Overview and Level Annotations

Branches:
Dungeon (9/15)             Temple (1/1) D:4
   Lair: D:8-11         Orc: D:9-12

Altars:
Ashenzari
Cheibriados
Dithmenos
Elyvilon
Fedhas
Gozag
Hepliaklqana
Kikubaaqudgha
Makhleb
Nemelex Xobeh
Okawaru
Qazlal
Ru
Sif Muna
Trog
Uskayaw
Vehumet
Wu Jian
Xom
Yredelemnul
Zin
The Shining One

Shops:
D:4 (   D:6 %   D:7 =

Annotations:
D:3 3 runed translucent doors, Martska's ghost, amateur HOFi


Innate Abilities, Weirdness & Mutations

Your experience applies equally to all skills.
You have very sharp teeth.
Your uncanny sense of smell can sniff out nearby items.
You have a pair of horns on your head.


Message History

The rime drake bites you but does no damage.
You hit the rime drake. Your headbutt misses the rime drake.
The rime drake is almost dead.
The kobold demonologist mumbles some strange words.
The worker ant bites you. The rime drake closely misses you.
The orange demon stings you from afar!
* * * LOW HITPOINT WARNING * * *
You are lethally poisoned!
The orange demon poisons you!
You closely miss the rime drake. Your bite misses the rime drake.
The rime drake is almost dead.
* * * LOW HITPOINT WARNING * * *
You feel sick.
Unknown command.
You hit the rime drake but do no damage.
The rime drake is almost dead.
The worker ant completely misses you. The rime drake breathes ice at you.
The flash freeze hits you!!
You die...

.#...+ #.<...÷..# .#...#
+........# .#...#
#........# .'...#∆
#........# .#...# ####
##.###..## ###..#
#..####.###..# .##..##
######.............#
......#
.......k.5.........#
......# ......5a@.......
.###### #...##.K####.##.
.##########+###4####.##+#
........+.......<).......
........#.......)........
.####.###...##÷.).##....#
.####'###<..##....# K..#
..................# ...
..[...............'. ..


You could see an orange demon, a kobold demonologist, a rime drake, a worker
ant, a quasit and a shadow imp.

Vanquished Creatures
  Sigmund (D:2)
  4 yaks (D:9)
  A hungry ghost (D:6)
  An orc warrior (D:9)
  3 phantoms
  3 centaurs
  3 ice beasts
  3 ogres
  2 big kobolds (D:7)
  A gnoll sergeant (D:7)
  4 bullfrogs
  A water moccasin zombie (D:7)
  2 scorpions
  12 killer bees
  A howler monkey (D:4)
  2 crimson imps (D:8)
  3 bullfrog zombies
  A centaur skeleton (D:4)
  7 hounds
  A jelly (D:5)
  A bullfrog skeleton (D:8)
  5 orc priests
  Ijyb (D:4)
  2 iguanas
  3 orc wizards
  8 worker ants
  A hound zombie (D:2)
  2 hound skeletons
  15 gnolls
  A howler monkey skeleton (D:4)
  14 adders
  3 shadow imps
  An adder skeleton (D:4)
  A dart slug (D:3)
  4 worms
  5 leopard geckos
  17 orcs
  4 giant cockroaches
  13 goblins
  4 hobgoblins
  11 jackals
  8 kobolds
  4 quokkas
  4 ball pythons
  2 ball python skeletons
  8 bats
  7 frilled lizards
  A jackal zombie (D:5)
  A leopard gecko skeleton (D:5)
  2 quokka skeletons
  2 quokka zombies (D:5)
  4 rats
215 creatures vanquished.

Vanquished Creatures (collateral kills)
  A worker ant (D:8)
1 creature vanquished.

Grand Total: 216 creatures vanquished

Notes
Turn   | Place    | Note
-------+----------+-------------------------------------------
     0 | D:1      | FishyPogo the Gnoll Transmuter began the quest for the Orb.
     0 | D:1      | Reached XP level 1. HP: 17/17 MP: 6/6
   295 | D:1      | Reached XP level 2. HP: 21/23 MP: 5/7
   479 | D:2      | Noticed Sigmund
   828 | D:2      | Reached XP level 3. HP: 28/28 MP: 7/9
   835 | D:1      | Learned a level 3 spell: Spider Form
   858 | D:2      | Reached skill level 5 in Spellcasting
   972 | D:2      | Reached skill level 1 in Invocations
  1017 | D:2      | Reached skill level 1 in Short Blades
  1017 | D:2      | Reached skill level 1 in Long Blades
  1017 | D:2      | Reached skill level 1 in Axes
  1017 | D:2      | Reached skill level 1 in Maces & Flails
  1017 | D:2      | Reached skill level 1 in Polearms
  1017 | D:2      | Reached skill level 1 in Staves
  1017 | D:2      | Reached skill level 1 in Slings
  1017 | D:2      | Reached skill level 1 in Bows
  1017 | D:2      | Reached skill level 1 in Crossbows
  1017 | D:2      | Reached skill level 1 in Throwing
  1017 | D:2      | Reached skill level 1 in Armour
  1017 | D:2      | Reached skill level 1 in Stealth
  1017 | D:2      | Reached skill level 1 in Shields
  1017 | D:2      | Reached skill level 1 in Evocations
  1080 | D:2      | Reached XP level 4. HP: 25/34 MP: 9/11
  1569 | D:2      | Killed Sigmund
  1569 | D:2      | Reached skill level 1 in Conjurations
  1569 | D:2      | Reached skill level 1 in Hexes
  1569 | D:2      | Reached skill level 1 in Charms
  1569 | D:2      | Reached skill level 1 in Summonings
  1569 | D:2      | Reached skill level 1 in Necromancy
  1569 | D:2      | Reached skill level 1 in Translocations
  1569 | D:2      | Reached skill level 1 in Fire Magic
  1569 | D:2      | Reached skill level 1 in Ice Magic
  1569 | D:2      | Reached skill level 1 in Air Magic
  1569 | D:2      | Reached skill level 1 in Earth Magic
  1569 | D:2      | Reached skill level 1 in Poison Magic
  1569 | D:2      | Reached XP level 5. HP: 41/41 MP: 7/12
  1569 | D:2      | Reached XP level 6. HP: 47/47 MP: 7/13
  1709 | D:2      | Reached skill level 5 in Dodging
  1935 | D:3      | Learned a level 4 spell: Ice Form
  2348 | D:3      | Learned a level 2 spell: Sticks to Snakes
  2665 | D:3      | Found a runed translucent gate.
  2665 | D:3      | Found a runed translucent gate.
  2665 | D:3      | Found a runed translucent gate.
  2666 | D:3      | Noticed Martska's ghost (amateur HOFi)
  2738 | D:4      | Reached XP level 7. HP: 52/52 MP: 11/15
  2768 | D:4      | Noticed Ijyb
  2781 | D:4      | Killed Ijyb
  3054 | D:5      | Entered Level 5 of the Dungeon
  3085 | D:5      | Reached skill level 7 in Unarmed Combat
  3287 | D:5      | Found a blossoming altar of Fedhas.
  3341 | D:4      | Found a staircase to the Ecumenical Temple.
  3497 | D:5      | Learned a level 3 spell: Gell's Gravitas
  3627 | D:5      | Reached XP level 8. HP: 31/60 MP: 16/16
  3694 | D:5      | Got a translucent dagger
  3695 | D:5      | Identified the +8 dagger of Jyetocid {holy, Int+4} (You
                  | found it on level 5 of the Dungeon)
  3854 | Temple   | Entered the Ecumenical Temple
  3918 | Temple   | Became a worshipper of Warmaster Okawaru
  4114 | D:4      | Got a distressingly furry plate armour
  4125 | D:4      | Identified the +4 plate armour of the Doldrums {rF+++} (You
                  | found it on level 4 of the Dungeon)
  4260 | D:4      | Found Ukodor's Antique Weapon Shop.
  4264 | D:4      | Bought a faintly glowing war axe for 212 gold pieces
  4264 | D:4      | Identified the +2 war axe "Unoatod" {chop, +Inv rPois rC++
                  | MR-} (You bought it in a shop on level 4 of the Dungeon)
  5164 | D:6      | Found Liqasooh's Food Shop.
  5260 | D:6      | Reached * piety under Okawaru
  5294 | D:6      | Learned a level 4 spell: Petrify
  5321 | D:6      | Reached XP level 9. HP: 56/66 MP: 18/18
  5957 | D:7      | Reached skill level 5 in Transmutations
  6557 | D:7      | Reached skill level 5 in Fighting
  6678 | D:7      | Reached ** piety under Okawaru
  7029 | D:7      | Found Riun's Jewellery Shoppe.
  7097 | D:8      | Reached skill level 8 in Unarmed Combat
  7126 | D:8      | Reached skill level 5 in Axes
  7148 | D:8      | Reached skill level 5 in Invocations
  7230 | D:8      | Found a shadowy altar of Dithmenos.
  7366 | D:8      | Reached XP level 10. HP: 62/74 MP: 20/20
  7495 | D:8      | Learned a level 3 spell: Mephitic Cloud
  7529 | D:8      | Found a hazy altar of Hepliaklqana.
  7555 | D:8      | Reached *** piety under Okawaru
  7596 | D:8      | Found a basalt altar of Yredelemnul.
  7982 | D:9      | Found an iron altar of Okawaru.
  8146 | D:9      | Reached skill level 5 in Short Blades
  8146 | D:9      | Reached skill level 5 in Long Blades
  8146 | D:9      | Reached skill level 5 in Maces & Flails
  8146 | D:9      | Reached skill level 5 in Polearms
  8146 | D:9      | Reached skill level 5 in Staves
  8146 | D:9      | Reached skill level 5 in Slings
  8146 | D:9      | Reached skill level 5 in Bows
  8146 | D:9      | Reached skill level 5 in Crossbows
  8146 | D:9      | Reached skill level 5 in Throwing
  8146 | D:9      | Reached skill level 5 in Armour
  8146 | D:9      | Reached skill level 5 in Stealth
  8146 | D:9      | Reached skill level 5 in Shields
  8146 | D:9      | Reached skill level 5 in Evocations
  8254 | D:9      | Noticed a kobold demonologist
  8254 | D:9      | Noticed a kobold demonologist
  8259 | D:9      | Noticed an orange demon
  8275 | D:9      | Killed from afar by a rime drake (shapeshifter)

Skill      XL: |  1  2  3  4  5  6  7  8  9 10 |
---------------+-------------------------------+-----
Spellcasting   | 5 6 7 |  7.3
Invocations    | 1 2 3 4 5 |  5.7
Short Blades   | 1 2 3 4 5 |  5.2
Long Blades    | 1 2 3 4 5 |  5.2
Axes           | 1 2 3 5 6 |  6.3
Maces & Flails | 1 2 3 4 5 |  5.2
Polearms       | 1 2 3 4 5 |  5.2
Staves         | 1 2 3 4 5 |  5.2
Slings         | 1 2 3 4 5 |  5.2
Bows           | 1 2 3 4 5 |  5.2
Crossbows      | 1 2 3 4 5 |  5.2
Throwing       | 1 2 3 4 5 |  5.2
Armour         | 1 2 3 4 5 |  5.2
Stealth        | 1 2 3 4 5 |  5.2
Shields        | 1 2 3 4 5 |  5.2
Evocations     | 1 2 3 4 5 |  5.2
Fighting       | 3 4 5 |  5.8
Conjurations   | 1 2 3 4 |  4.2
Hexes          | 1 2 3 4 |  4.2
Charms         | 1 2 3 4 |  4.2
Summonings     | 1 2 3 4 |  4.2
Necromancy     | 1 2 3 4 |  4.2
Translocations | 1 2 3 4 |  4.2
Transmutations | 4 5 |  5.8
Fire Magic     | 1 2 3 4 |  4.2
Ice Magic      | 1 2 3 4 |  4.2
Air Magic      | 1 2 3 4 |  4.2
Earth Magic    | 1 2 3 4 |  4.2
Poison Magic   | 1 2 3 4 |  4.2
Dodging        | 5 6 7 |  7.0
Unarmed Combat | 7 8 |  8.4

Action                   |  1- 3 |  4- 6 |  7- 9 | 10-12 || total
-------------------------+-------+-------+-------+-------++-------
Melee: Unarmed           |    85 |    72 |   105 |    75 ||   337
       Headbutt          |     2 |     7 |    14 |     4 ||    27
       Punch             |     1 |     2 |     6 |     1 ||    10
       Bite              |     4 |     6 |    23 |     6 ||    39
       Kick              |     6 |     2 |       |       ||     8
       Mace              |       |    46 |    79 |       ||   125
       Dagger            |       |       |   184 |    36 ||   220
       War axe           |       |       |    45 |     3 ||    48
Throw: Stone             |       |       |    15 |       ||    15
       Tomahawk          |       |       |    11 |       ||    11
 Cast: Beastly Appendage |    13 |     7 |    15 |     5 ||    40
       Spider Form       |     4 |    10 |    10 |     6 ||    30
       Sticks to Snakes  |       |       |     1 |     1 ||     2
       Ice Form          |       |       |     1 |       ||     1
       Mephitic Cloud    |       |       |       |     4 ||     4
Invok: Heroism           |       |       |     1 |       ||     1
 Abil: End Transformatio |       |       |     2 |       ||     2
  Use: Scroll            |       |       |     5 |     1 ||     6
       Potion            |       |       |     6 |     2 ||     8
 Stab: Sleeping          |     3 |     3 |     8 |     8 ||    22
       Distracted        |       |       |     1 |       ||     1
       Confused          |       |       |       |     1 ||     1
  Eat: Chunk             |     1 |     6 |    11 |     3 ||    21
       Ration            |       |       |     2 |       ||     2
Armor: Robe              |    12 |     8 |    55 |     9 ||    84
       Skin              |     1 |     3 |     7 |     4 ||    15
       Plate armour      |       |       |     8 |       ||     8
Dodge: Dodged            |    86 |   121 |   376 |   116 ||   699
